 Dungeon Crawl Stone Soup version 0.19.1-1-g22dce08 (webtiles) character file.

82 kae the Insei (level 4, 0/37 HPs)
             Began as a Draconian Transmuter on Jan 19, 2017.
             Slain by Terence
             ... wielding a +0 flail
              (1 damage)
             ... on level 3 of the Dungeon on Jan 20, 2017.
             The game lasted 00:02:34 (2344 turns).

kae the Insei (Draconian Transmuter)                Turns: 2344, Time: 00:02:34

Health: 0/37       AC:  5    Str: 12    XL:     4   Next: 21%
Magic:  7/7        EV: 12    Int: 14    God:
Gold:   66         SH:  0    Dex: 12    Spells: 1 memorised, 6 levels left

rFire  . . .     SeeInvis .       - Unarmed
rCold  . . .     Gourm    .     (armour unavailable)
rNeg   . . .     Faith    .     (no shield)
rPois  .         Spirit   .     (helmet restricted)
rElec  .         Reflect  .     (no cloak)
rCorr  .         Harm     .     (no gloves)
MR     .....                    (no boots)
Stlth  +.........               (no amulet)
                                (no ring)
                                (no ring)

@: no status effects
A: unfitting armour, cold-blooded, AC +5
a: no special abilities


You were on level 3 of the Dungeon.
You were hungry.

You visited 1 branch of the dungeon, and saw 3 of its levels.

You collected 66 gold pieces.

Inventory:

Missiles
 a - 12 arrows
Jewellery
 m - an uncursed ring of protection from fire {unknown}
Scrolls
 d - a scroll of fear {unknown}
 k - a scroll of noise {unknown}
 n - a scroll of random uselessness {unknown}
 o - a scroll of identify {unknown}
Potions
 g - a potion of lignification {unknown}
 h - a potion of haste {unknown}
 i - a potion of heal wounds {unknown}
 j - a potion of cancellation {unknown}
 l - a potion of curing {unknown}
Books
 b - a book of Changes

   Spells                             Type                      Level
   a - Beastly Appendage              Transmutation                1
   b - Sticks to Snakes               Transmutation                2
   c - Spider Form                    Transmutation/Poison         3
   d - Ice Form                       Ice/Transmutation            4
   e - Blade Hands                    Transmutation                5
Comestibles
 c - 2 bread rations
 f - a meat ration


   Skills:
 + Level 2.7 Fighting
 - Level 1.7 Dodging
 * Level 4.4 Unarmed Combat
 - Level 2.0 Spellcasting
 - Level 2.0 Transmutations


You had 6 spell levels left.
You knew the following spells:

 Your Spells              Type           Power        Failure   Level  Hunger
a - Beastly Appendage     Tmut           #.....       12%         1    ##.....


Dungeon Overview and Level Annotations

Branches:
Dungeon (3/15)

Altars:
Hepliaklqana

Annotations:
D:3 Terence; dscm's ghost, weakling OpEE


Innate Abilities, Weirdness & Mutations

Your plain brown scales are hard. (AC +5)
You cannot fit into any form of body armour.
You are cold-blooded and may be slowed by cold attacks.


Message History

You hit Terence. Your kick misses Terence.
Terence is almost dead.
Your talons disappear.
Terence says, "Don't bother to defend, it's useless."
Terence closely misses you. The ooze hits you.
You miss Terence.
Terence is almost dead.
Terence hits you with a flail!
* * * LOW HITPOINT WARNING * * *
You closely miss Terence.
Your tail-slap misses Terence.
Terence is almost dead.
Terence is no longer unusually agile.
The ooze closely misses you.
You hit Terence but do no damage.
Terence is almost dead.
The ooze barely misses you. Terence hits you with a flail.
* * * LOW HITPOINT WARNING * * *
It was a potion of magic.
Magic courses through your body. The ooze hits you.
* * * LOW HITPOINT WARNING * * *
Terence hits you with a flail.
You die...

## .# #.#####
......#
##.............##
#@J..........!..#
#.@[............#
#........J......#
#......!........#
#...............#
#.........>@....#
##...........<.#
#...(.#[....##
#######


You could see Terence and an ooze.

Vanquished Creatures
  2 adders (D:2)
  An ooze (D:2)
  2 worms
  A dart slug (D:2)
  A leopard gecko (D:2)
  3 giant cockroaches
  9 goblins
  8 hobgoblins
  4 jackals (D:1)
  2 quokkas (D:2)
  2 ball pythons (D:1)
  7 bats
  A frilled lizard (D:1)
  4 kobolds
  A rat (D:1)
48 creatures vanquished.

Notes
Turn   | Place    | Note
-------+----------+-------------------------------------------
     0 | D:1      | kae the Draconian Transmuter began the quest for the Orb.
     0 | D:1      | Reached XP level 1. HP: 16/16 MP: 3/3
    96 | D:1      | Reached XP level 2. HP: 19/24 MP: 3/5
   404 | D:1      | Reached XP level 3. HP: 14/29 MP: 6/6
   890 | D:1      | Reached skill level 4 in Unarmed Combat
  1345 | D:2      | Found a hazy altar of Hepliaklqana.
  1751 | D:2      | Reached XP level 4. HP: 34/37 MP: 7/7
  2008 | D:3      | Noticed Terence
  2150 | D:3      | Noticed dscm's ghost (weakling OpEE)
  2344 | D:3      | HP: 1/37 [ooze (4)]
  2344 | D:3      | Slain by Terence

Skill      XL: |  1  2  3 |
---------------+----------+-----
Fighting       | 2 |  2.7
Unarmed Combat | 4 |  4.4
Dodging        | |  1.7
Spellcasting   | |  2.0
Transmutations | |  2.0

Action                   |  1- 3 |  4- 6 || total
-------------------------+-------+-------++-------
Melee: Unarmed           |   136 |    54 ||   190
       Tailslap          |    11 |     4 ||    15
       Kick              |     6 |     2 ||     8
       Punch             |     4 |       ||     4
       Headbutt          |     3 |       ||     3
 Cast: Beastly Appendage |     8 |     3 ||    11
  Use: Potion            |       |     1 ||     1
 Stab: Sleeping          |     1 |       ||     1
  Eat: Chunk             |     2 |     2 ||     4
Armor: Skin              |    29 |    23 ||    52
Dodge: Dodged            |    74 |    51 ||   125
